Map: Nightshade LE

Players

ShoWTimE

  • Race: Protoss Protoss
  • Spawn Location: 5:00

Zest - Winner!

  • Race: Protoss Protoss
  • Spawn Location: 11:00

Event: IEM Katowice 2020

VOD

Have the link to the VOD?

Description

Time

  • Played on: Feb. 27, 2020, 12:51 p.m.
  • Length: 9:35

All games in this series

Show
View Real Time Build Order
Export as new Build Order

ShoWTimE Protoss 

Build Orders: Zealot Archon 

Get SALT Encoding   

  12  0:00  Probe  
  13  0:13  Probe  
  14  0:17  Pylon  
  14  0:25  Probe (Chrono Boost)  
  15  0:36  Gateway  
  15  0:37  Probe (Chrono Boost)  
  16  0:44  Probe (Chrono Boost)  
  16  0:46  Assimilator  
  17  0:51  Probe  
  17  0:54  Assimilator  
  18  1:03  Probe (Chrono Boost)  
  19  1:08  Gateway  
  19  1:14  Probe (Chrono Boost)  
  20  1:19  Probe (Chrono Boost)  
  20  1:24  Cybernetics Core  
  21  1:29  Probe  
  22  1:34  Pylon  
  22  1:41  Probe  
  23  1:54  Probe  
  24  1:59  Warp Gate (Chrono Boost)  
  24  2:00  Stalker  
  24  2:01  Stalker  
  28  2:08  Probe  
  29  2:13  Pylon  
  29  2:31  Stalker  
  29  2:32  Stalker  
  33  2:48  Gateway  
  33  3:01  Shield Battery  
  33  3:06  Nexus  
  33  3:08  Probe  
  33  3:12  Sentry  
  36  3:14  Sentry  
  36  3:19  Pylon  
  38  3:23  Probe  
  39  3:29  Robotics Facility  
  39  3:37  Probe (Chrono Boost)  
  40  3:48  Probe (Chrono Boost), Sentry  
  43  3:53  Probe (Chrono Boost)  
  44  4:02  Stalker  
  46  4:03  Probe  
  47  4:15  Probe  
  47  4:17  Probe  
  47  4:21  Stalker  
  50  4:27  Phoenix  
  50  4:28  Probe  
  50  4:29  Probe  
  50  4:33  Stalker  
  50  4:36  Shield Battery  
  52  4:40  Probe (Chrono Boost)  
  52  4:42  Probe (Chrono Boost), Shield Battery  
  52  4:44  Stalker  
  52  4:51  Observer  
  52  4:52  Probe (Chrono Boost)  
  53  4:54  Probe (Chrono Boost)  
  53  4:56  Forge  
  53  4:58  Probe (Chrono Boost)  
  53  4:59  Probe (Chrono Boost)  
  54  5:06  Probe, Stalker  
  58  5:08  Probe  
  58  5:09  Stalker  
  61  5:18  Probe, Observer  
  61  5:20  Probe, Protoss Ground Weapons Level 1 (Chrono Boost)  
  62  5:22  Phoenix  
  62  5:26  Pylon  
  62  5:27  Assimilator  
  62  5:30  Assimilator  
  62  5:31  Twilight Council  
  62  5:38  Pylon  
  62  5:45  Probe x2, Gateway  
  62  5:47  Gateway  
  64  5:53  Pylon  
  64  5:57  Warp Prism  
  64  6:01  Probe  
  67  6:07  Charge  
  67  6:08  Templar Archives  
  67  6:15  Phoenix  
  67  6:20  Gateway  
  67  6:25  Zealot  
  67  6:26  Zealot  
  71  6:32  Gateway  
  71  6:40  Gateway  
  71  6:42  Gateway  
  71  6:46  High Templar x3, Pylon  
  77  6:54  Archon  
  77  7:00  Pylon  
  77  7:01  Observer  
  77  7:03  High Templar  
  77  7:05  Protoss Ground Weapons Level 2 (Chrono Boost)  
  77  7:07  Nexus  
  79  7:09  Archon  
  79  7:19  Zealot x3  
  85  7:27  Pylon  
  85  7:38  High Templar x2  
  85  7:39  Zealot x3  
  85  7:42  Phoenix, Archon  
  95  7:54  Zealot x3  
  101  8:05  Pylon, Photon Cannon  
  101  8:06  Probe, Photon Cannon  
  101  8:07  Probe  
  101  8:10  High Templar x2  
  101  8:12  Pylon  
  107  8:22  Archon  
  107  8:25  Zealot x4  
  115  8:30  Zealot  
  115  8:33  Observer  
  115  8:41  Stalker  
  115  8:42  Pylon  
  117  8:52  High Templar x2  
  117  8:53  Zealot x4  
  129  8:56  Archon  
  129  8:57  Adept  
  125  9:14  Zealot x5  
  101  9:20  Zealot  
  93  9:25  Zealot x2  
Show
View Real Time Build Order
Export as new Build Order

Zest Protoss - Winner!

Build Orders: Oracle Opening, Zealot Archon 

Get SALT Encoding   

  12  0:00  Probe  
  13  0:12  Probe  
  14  0:17  Pylon  
  14  0:24  Probe (Chrono Boost)  
  15  0:36  Probe (Chrono Boost)  
  15  0:37  Gateway  
  16  0:44  Probe (Chrono Boost)  
  16  0:46  Assimilator  
  17  0:51  Probe  
  17  0:54  Assimilator  
  18  1:03  Probe (Chrono Boost)  
  19  1:07  Gateway  
  19  1:12  Probe (Chrono Boost)  
  19  1:17  Probe (Chrono Boost)  
  20  1:24  Cybernetics Core  
  21  1:29  Probe  
  22  1:35  Pylon  
  22  1:41  Probe  
  24  1:58  Warp Gate (Chrono Boost)  
  24  2:00  Adept  
  24  2:01  Adept  
  28  2:07  Robotics Facility  
  27  2:11  Probe  
  28  2:17  Pylon  
  28  2:28  Stargate  
  28  2:38  Stalker  
  30  2:53  Stalker  
  30  2:54  Pylon  
  32  3:09  Oracle (Chrono Boost)  
  35  3:18  Nexus  
  35  3:22  Probe  
  36  3:30  Shield Battery  
  36  3:38  Pylon  
  36  3:43  Oracle  
  39  3:53  Robotics Facility  
  39  3:56  Probe  
  39  4:00  Stalker  
  42  4:07  Stalker  
  44  4:17  Probe  
  43  4:33  Probe (Chrono Boost)  
  43  4:34  Probe (Chrono Boost)  
  45  4:44  Probe x2 (Chrono Boost)  
  47  4:51  Forge  
  47  4:52  Probe  
  51  4:53  Observer  
  51  4:56  Probe  
  51  4:57  Sentry x2  
  51  4:59  Pylon  
  54  5:04  Probe  
  55  5:08  Probe  
  55  5:10  Phoenix  
  56  5:16  Probe, Immortal  
  56  5:20  Probe  
  62  5:28  Probe (Chrono Boost)  
  62  5:29  Assimilator  
  62  5:31  Protoss Ground Weapons Level 1 (Chrono Boost), Assimilator  
  62  5:33  Probe (Chrono Boost)  
  64  5:40  Pylon  
  64  5:41  Probe (Chrono Boost)  
  66  5:44  Probe (Chrono Boost)  
  66  5:47  Pylon  
  66  5:48  Probe (Chrono Boost)  
  66  5:49  Probe (Chrono Boost)  
  67  5:55  Probe  
  69  5:57  Twilight Council  
  69  5:59  Probe  
  69  6:02  Warp Prism  
  72  6:07  Probe, Pylon  
  73  6:14  Gateway  
  73  6:15  Gateway  
  73  6:21  Gateway  
  73  6:28  Gateway  
  73  6:37  Charge  
  73  6:38  Templar Archives  
  73  6:44  Gateway  
  73  6:47  Gateway  
  73  6:49  Pylon  
  73  7:04  Nexus  
  73  7:11  Pylon  
  73  7:12  Observer  
  73  7:13  Pylon  
  73  7:16  High Templar x4  
  73  7:20  Pylon  
  73  7:21  Archon x2  
  81  7:32  Zealot x2  
  85  7:37  Shield Battery x2  
  85  8:02  High Templar x2  
  85  8:04  Probe x2  
  91  8:06  Archon  
  91  8:07  Pylon  
  91  8:09  Zealot x4  
  99  8:21  Immortal (Chrono Boost)  
  99  8:22  Probe x3  
  106  8:39  High Templar  
  106  8:40  High Templar, Zealot x4  
  118  8:45  Archon  
  118  8:51  Gateway  
  118  8:52  Gateway  
  118  8:55  Pylon  
  118  9:02  High Templar x2, Zealot x3  
  124  9:06  Archon  
  126  9:10  Zealot  
  126  9:13  Zealot x2  
  95  9:25  Zealot x3  

Tags
 
Add a new tag
Caveats
  • Supply blocks, unpowered buildings, or Contaminate may cause inaccurate times.
  • Supply counts are checked every 10 seconds.